 Dungeon Crawl Stone Soup version 0.30-b1-2-g02819fbbbe (webtiles) character file.

Game seed: 14452775597938563977

153 maniek23 the Vexing (level 5, -1/35 (41) HPs)
             Began as a Gnoll Hexslinger on July 26, 2023.
             Was an Initiate of Hepliaklqana.
             Slain by an orc
             ... wielding a +1 whip of draining
              (4 damage)
             ... on level 3 of the Dungeon.
             The game lasted 00:06:06 (3004 turns).

maniek23 the Vexing (Gnoll Hexslinger)              Turns: 3004, Time: 00:06:07

HP:   -1/35 (41)    AC:  3    Str: 10    XL:     5   Next: 35%
MP:   9/9           EV: 14    Int: 12    God:    Hepliaklqana [......]
Gold: 251           SH:  0    Dex: 14    Spells: 9/10 levels left

rFire   . . .        a - +1 sling
rCold   . . .        (no shield)
rNeg    . . .        c - +0 robe
rPois   .            s - +0 helmet
rElec   .            (no cloak)
rCorr   .            (no gloves)
SInv    .            (no boots)
Will    .....        d - amulet of magic regeneration
Stlth   ++           (no ring)
HPRegen 0.25/turn    (no ring)
MPRegen 0.51/turn

%: no passive effects
@: heavily drained
A: fangs 1, strong nose, distributed training
a: Renounce Religion


You were on level 3 of the Dungeon.
You worshipped Hepliaklqana.
Hepliaklqana was noncommittal.
You visited 1 branch of the dungeon, and saw 4 of its levels.

You collected 251 gold pieces.

Inventory:

Hand Weapons
 a - a +1 sling (weapon)
Armour
 c - a +0 robe (worn)
 r - a +1 scale mail of cold resistance
 s - a +0 helmet (worn)
Jewellery
 d - an amulet of magic regeneration (around neck)
 n - a ring of resist corrosion
Scrolls
 b - 4 scrolls of poison
 e - a scroll of amnesia {unknown}
 f - a scroll of magic mapping {unknown}
 g - 3 scrolls of identify
 h - a scroll of silence {unknown}
 m - 2 scrolls of blinking {unknown}
 p - a scroll of fear {unknown}
 u - a scroll of vulnerability {unknown}
Potions
 i - a potion of cancellation {unknown}
 j - a potion of brilliance {unknown}
 k - 2 potions of lignification
 l - a potion of heal wounds {unknown}
 o - a potion of haste {unknown}
 q - a potion of mutation {unknown}
 t - a potion of attraction {unknown}


   Skills:
 + Level 3.0 Fighting
 + Level 1.5 Short Blades
 + Level 1.5 Long Blades
 + Level 1.5 Axes
 + Level 1.5 Maces & Flails
 + Level 1.5 Polearms
 + Level 1.5 Staves
 + Level 4.8 Ranged Weapons
 + Level 1.5 Throwing
 + Level 1.5 Armour
 + Level 4.8 Dodging
 + Level 1.5 Stealth
 + Level 1.5 Shields
 + Level 1.5 Unarmed Combat
 + Level 3.2 Spellcasting
 + Level 1.2 Conjurations
 + Level 5.5 Hexes
 + Level 1.2 Summonings
 + Level 1.2 Necromancy
 + Level 1.2 Translocations
 + Level 1.2 Transmutations
 + Level 1.2 Fire Magic
 + Level 1.2 Ice Magic
 + Level 1.2 Air Magic
 + Level 1.2 Earth Magic
 + Level 1.2 Poison Magic
 + Level 1.7 Invocations
 + Level 1.5 Evocations


You had 9 spell levels left.
You knew the following spells:

 Your Spells              Type           Power      Damage    Failure   Level
a - Slow                  Hex            60%        N/A       2%          1

Your spell library contained the following spells:

 Spells                   Type           Power      Damage    Failure   Level
 Inner Flame              Hex/Fire       10%        N/A       19%         3
 Portal Projectile        Hex/Tloc       20%        N/A       19%         3
 Cause Fear               Hex            7%         N/A       24%         4


Dungeon Overview and Level Annotations

Branches:
Dungeon (4/15)
 Temple: D:4-7

Altars:
Hepliaklqana
Ru


Innate Abilities, Weirdness & Mutations

You have very sharp teeth.
Your uncanny sense of smell can sniff out nearby items.
Your experience applies equally to all skills.


Message History

The kobold hits you but does no damage.
You shoot a sling bullet. The sling bullet hits the kobold.
You kill the kobold!
You climb downwards.
You hear the sound of rushing water.
There is an entrance to a sewer on this level.
Hurry and find it before the portal rusts away!
The orc hits you but does no damage.
You feel drained.
There is a stone staircase leading up here.
You shoot a sling bullet.
The sling bullet completely misses the orc.
The orc hits you with a +1 whip of draining.
You feel drained.
You shoot a sling bullet. The sling bullet hits the orc.
The orc is severely wounded.
The orc barely misses you. The orc closely misses you.
The orc hits you but does no damage.
You feel drained.
The orc priest looks encouraged for a moment.
The orc hits you with a +0 short sword. The orc priest closely misses you.
The orc hits you with a +1 whip of draining.
You feel drained.
You climb upwards.
There is a stone staircase leading down, spattered with blood here.
You shoot a sling bullet.
The sling bullet hits the orc but does no damage.
The orc is severely wounded.
The orc barely misses you.
The orc priest invokes the aid of Beogh against you.
Beogh smites you! The orc closely misses you.
You shoot a sling bullet. The sling bullet hits the orc.
The orc is severely wounded.
The orc barely misses you.
The orc priest mumbles some strange prayers to Beogh against you.
Beogh smites you!
* * * LOW HITPOINT WARNING * * *
The orc closely misses you.
As you read the scroll labelled CANNIV TUPEU, it crumbles to dust.
It is a scroll of identify.
k - 2 potions of lignification The orc hits you with a +1 whip of draining.
You die...

######################
#######..............^......
#.....#.####################
#.###.#.##### #.# #...)...#
#.###.[.###o##########
#.....##..o@o........#######
#.........######.#.........#
####...####..# #.#.#.#####.#
###......# #..#
#.#.#.......# ##...#..##
#..# #.#.#######.# ........#
#..## #.#.# #.# ##...##.#
#...# #.#.# #.# ###.###.#
###..# #.#.# #.# ###.###.#
##.#..#####.#.# ####.#


You could see an orc priest and 2 orcs.

Vanquished Creatures
  7 adders
  A worm (D:2)
  2 dart slugs
  5 orcs (D:3)
  5 endoplasms
  6 giant cockroaches
  5 goblins
  7 hobgoblins
  6 jackals
  4 quokkas
  4 ball pythons
  4 bats
  3 frilled lizards
  10 kobolds
  3 rats (D:1)
72 creatures vanquished.

Notes
Turn   | Place    | Note
-------+----------+-------------------------------------------
     0 | D:1      | maniek23 the Gnoll Hexslinger began the quest for the Orb.
     0 | D:1      | Reached XP level 1. HP: 17/17 MP: 4/4
   207 | D:1      | Reached XP level 2. HP: 23/23 MP: 5/5
   393 | D:1      | Reached XP level 3. HP: 24/28 MP: 7/7
   672 | D:1      | Reached skill level 1 in Invocations
   908 | D:2      | Reached skill level 1 in Short Blades
   908 | D:2      | Reached skill level 1 in Long Blades
   908 | D:2      | Reached skill level 1 in Axes
   908 | D:2      | Reached skill level 1 in Maces & Flails
   908 | D:2      | Reached skill level 1 in Polearms
   908 | D:2      | Reached skill level 1 in Staves
   908 | D:2      | Reached skill level 1 in Throwing
   908 | D:2      | Reached skill level 1 in Armour
   908 | D:2      | Reached skill level 1 in Stealth
   908 | D:2      | Reached skill level 1 in Shields
   908 | D:2      | Reached skill level 1 in Unarmed Combat
   908 | D:2      | Reached skill level 1 in Evocations
  1007 | D:2      | Reached XP level 4. HP: 34/34 MP: 8/8
  1043 | D:2      | Found a faded altar of an unknown god.
  1622 | D:2      | Reached skill level 1 in Conjurations
  1622 | D:2      | Reached skill level 1 in Summonings
  1622 | D:2      | Reached skill level 1 in Necromancy
  1622 | D:2      | Reached skill level 1 in Translocations
  1622 | D:2      | Reached skill level 1 in Transmutations
  1622 | D:2      | Reached skill level 1 in Fire Magic
  1622 | D:2      | Reached skill level 1 in Ice Magic
  1622 | D:2      | Reached skill level 1 in Air Magic
  1622 | D:2      | Reached skill level 1 in Earth Magic
  1622 | D:2      | Reached skill level 1 in Poison Magic
  1742 | D:2      | You fall into a shaft and drop 1 floor!
  1903 | D:3      | Found a sacrificial altar of Ru.
  2031 | D:3      | Reached XP level 5. HP: 38/40 MP: 9/9
  2692 | D:3      | Found a hazy altar of Hepliaklqana.
  2697 | D:3      | Became a worshipper of Hepliaklqana the Forgotten
  2902 | D:4      | Noticed an ogre
  3004 | D:3      | Slain by an orc

Illustrated notes

Levels and vault maps discovered:
D:1:      saegor_arrival_simple_e, layout_loops_ring, minmay_nonomino_d4
D:2:      layout_loops_cross, shapermc_ecumenical_altar_venn
D:3:      layout_loops_ring, nicolae_hepliaklqana_hippocampus,
          nicolae_ru_sacrificial_ziggurat
D:4:      layout_cave_pools, lightli_temple_of_fire,
          mainiacjoe_overflow_alcove_1, gup_sewer_entry_pipe,
          minmay_fractal_squares_5, uniq_robin

Skill      XL: |  1  2  3  4  5 |
---------------+----------------+-----
Invocations    | 1 |  1.7
Short Blades   | 1 |  1.5
Long Blades    | 1 |  1.5
Axes           | 1 |  1.5
Maces & Flails | 1 |  1.5
Polearms       | 1 |  1.5
Staves         | 1 |  1.5
Throwing       | 1 |  1.5
Armour         | 1 |  1.5
Stealth        | 1 |  1.5
Shields        | 1 |  1.5
Unarmed Combat | 1 |  1.5
Evocations     | 1 |  1.5
Spellcasting   | 3 |  3.2
Conjurations   | 1 |  1.2
Summonings     | 1 |  1.2
Necromancy     | 1 |  1.2
Translocations | 1 |  1.2
Transmutations | 1 |  1.2
Fire Magic     | 1 |  1.2
Ice Magic      | 1 |  1.2
Air Magic      | 1 |  1.2
Earth Magic    | 1 |  1.2
Poison Magic   | 1 |  1.2
Fighting       | 3 |  3.0
Ranged Weapons | |  4.8
Dodging        | |  4.8
Hexes          | |  5.5

Action                     |  1- 3 |  4- 6 || total
---------------------------+-------+-------++-------
   Fire: Sling             |   128 |   194 ||   322
   Cast: Slow              |       |     1 ||     1
    Use: Scroll            |       |     1 ||     1
 Armour: Robe              |    11 |    26 ||    37
  Dodge: Dodged            |    54 |   101 ||   155
